 Dungeon Crawl Stone Soup version 0.24.0-123-gd5b16e6ec5 (webtiles) character file.

Game seed: 9324216570317778211, levelgen mode: deterministic

105 FishyPogo the Unweaver (level 4, 0/37 HPs)
             Began as a Demonspawn Abyssal Knight on Dec 28, 2019.
             Was a Follower of Lugonu.
             Slain by an orc
             ... wielding a +0 flail
              (5 damage)
             ... on level 3 of the Dungeon.
             The game lasted 00:06:23 (2456 turns).

FishyPogo the Unweaver (Demonspawn Abyssal Knight)  Turns: 2456, Time: 00:06:25

Health: 0/37       AC:  4    Str: 13    XL:     4   Next: 53%
Magic:  0/7        EV: 13    Int: 14    God:    Lugonu [*.....]
Gold:   79         SH:  0    Dex: 12    Spells: 3/3 levels left

rFire    . . .     SeeInvis .   a - +1 mace
rCold    . . .     Gourm    .   (no shield)
rNeg     . . .     Faith    .   b - +0 leather armour
rPois    .         Spirit   +   k - +0 helmet
rElec    .         Reflect  .   (no cloak)
rCorr    .         Harm     .   (no gloves)
MR       .....                  (no boots)
Stlth    +.........             (no amulet)
HPRegen  0.12/turn              m - +3 ring of evasion
MPRegen  0.10/turn              (no ring)

@: heavily drained
A: talons 1, magic shield
a: Depart the Abyss, Renounce Religion


You were on level 3 of the Dungeon.
You worshipped Lugonu.
Lugonu was aware of your devotion.
You were not hungry.

You visited 1 branch of the dungeon, and saw 3 of its levels.
You visited the Abyss 1 time.

You collected 79 gold pieces.

Inventory:

Hand Weapons
 a - a +1 mace (weapon)
Missiles
 d - 30 sling bullets
 h - 54 stones
 q - 6 atropa-tipped darts (quivered)
Armour
 b - a +0 leather armour (worn)
 k - a +0 helmet (worn)
 o - a +0 shield
Jewellery
 f - an uncursed amulet of magic regeneration {unknown}
 m - a +3 ring of evasion (left hand)
Scrolls
 e - a scroll of enchant weapon {unknown}
 i - 2 scrolls of immolation {unknown}
 n - a scroll of remove curse {unknown}
 p - a scroll of identify {unknown}
Potions
 g - 2 potions of haste {unknown}
 l - a potion of lignification {unknown}
Comestibles
 c - 3 rations
 j - 4 chunks of flesh


   Skills:
 * Level 3.7(2.6) Fighting
 + Level 2.3(1.2) Maces & Flails
 + Level 2.4(1.3) Armour
 - Level 1.0(0.0) Dodging
 + Level 0.2(0.0) Shields
 * Level 4.1(2.9) Invocations


You had 3 spell levels left.
You didn't know any spells.
Your spell library was empty.

Dungeon Overview and Level Annotations

Branches:
Dungeon (3/15)

Altars:
Elyvilon
Hepliaklqana
Kikubaaqudgha
Ru
Sif Muna
Trog
Wu Jian
Xom
Yredelemnul
Zin


Innate Abilities, Weirdness & Mutations

You have sharp toenails.
When hurt, damage is shared between your health and your magic reserves.


Message History

* * * LOW HITPOINT WARNING * * *
You feel drained.
You hit the orc wizard.
The orc wizard is severely wounded.
The orc wizard hits you but does no damage.
You feel drained. The orc closely misses you.
Unknown command.
You hit the orc wizard.
You kill the orc wizard!
Lugonu accepts your kill.
Your base Invocations skill increases to level 4!
The orc hits you with a +0 flail.
* * * LOW HITPOINT WARNING * * *
You hit the orc.
The orc is moderately wounded.
The orc closely misses you.
You barely miss the orc.
The orc is moderately wounded.
The orc hits you with a +0 flail!
You die...

.#####..# #..>..## ##########
...#....###.##[..## #........#
##.#..##....#.....######.######.#
#..........##..................#
##.....{.#####.#######..###.##.#
#.#####.# #.# #..# #.##.#
#.#####.# #)# #..###.##.#
#....##.# ##o## #.........#
#.##.##.# #.)@# #.###.###.#
#.##.##.# #.....# #.###.# #.#
#....)o.##.......# #.#.#.###.#
####..o####.........###.........#
..........+.........+.......#####
##.###o#.##.........####....# #.
#.#.###.......## #....# # #o# #
##.....## ##.### ..= #.#


You could see an orc.

Vanquished Creatures
  An orc wizard (D:3)
  3 adders (D:2)
  2 worms (D:2)
  A dart slug (D:1)
  2 leopard geckos (D:1)
  3 orcs (D:3)
  2 giant cockroaches
  2 goblins
  6 hobgoblins
  4 jackals (D:1)
  5 kobolds
  A quokka (D:2)
  3 bats
  A frilled lizard (D:1)
  7 rats
43 creatures vanquished.

Notes
Turn   | Place    | Note
-------+----------+-------------------------------------------
     0 | Abyss:1  | FishyPogo the Demonspawn Abyssal Knight began the quest for
                  | the Orb.
     0 | Abyss:1  | Reached XP level 1. HP: 18/18 MP: 2/2
    37 | Abyss:1  | Noticed a ynoxinul
    38 | D:1      | Escaped the Abyss
    68 | D:1      | Reached skill level 1 in Dodging
   118 | D:1      | Gained mutation: When hurt, damage is shared between your
                  | health and your magic reserves. [demonic ancestry]
   118 | D:1      | Reached XP level 2. HP: 6/24 MP: 4/4
   441 | D:1      | Reached skill level 3 in Invocations
   733 | D:1      | Found an ornate altar of the Wu Jian Council.
   735 | D:1      | Found an iron altar of Okawaru.
   735 | D:1      | Found a shimmering altar of Xom.
   737 | D:1      | Found a bloodstained altar of Trog.
   737 | D:1      | Found a shimmering blue altar of Sif Muna.
   737 | D:1      | Found a hazy altar of Hepliaklqana.
   983 | D:1      | Reached * piety under Lugonu
  1136 | D:2      | Reached XP level 3. HP: 24/29 MP: 3/5
  1155 | D:2      | Found a glowing silver altar of Zin.
  1155 | D:2      | Found an ancient bone altar of Kikubaaqudgha.
  1476 | D:2      | Found a white marble altar of Elyvilon.
  1572 | D:2      | Found a basalt altar of Yredelemnul.
  2045 | D:2      | Found a sacrificial altar of Ru.
  2129 | D:2      | Gained mutation: You have sharp toenails. [demonic
                  | ancestry]
  2129 | D:2      | Reached XP level 4. HP: 26/36 MP: 6/6
  2454 | D:3      | Reached skill level 4 in Invocations
  2456 | D:3      | Slain by an orc

Levels and vault maps discovered:
D:1:      dpeg_arrival_pond, layout_loops_ring, st_stairs_13,
          doesnt_xom_only_xom
D:2:      layout_basic, grunt_temple_overflow_open, overflow_temple_1_default,
          lemuel_round_altar, kennysheep_nondescript
D:3:      layout_loops_corners, overflow_temple_1_default, item_on_display_a,
          uniq_crazy_yiuf_cottage, uniq_natasha

Skill      XL: |  1  2  3  4 |
---------------+-------------+-----
Dodging        | 1 |  1.0
Armour         | 2 |  2.4
Invocations    | 3 4 |  4.1
Maces & Flails | 2 |  2.3
Fighting       | |  3.7
Shields        | |  0.2

Action                   |  1- 3 |  4- 6 || total
-------------------------+-------+-------++-------
Melee: Mace              |   143 |    21 ||   164
       Kick              |       |     6 ||     6
Throw: Stone             |     9 |       ||     9
       Dart              |       |     2 ||     2
Invok: Depart the Abyss  |     1 |       ||     1
  Use: Potion            |     2 |       ||     2
 Stab: Sleeping          |     3 |       ||     3
  Eat: Chunk             |     4 |     1 ||     5
Armor: Leather armour    |    43 |     2 ||    45
Dodge: Dodged            |    91 |     7 ||    98
